 Dungeon Crawl Stone Soup version 0.20-a0-1061-gbbf974c (webtiles) character file.

410 MrRokkomies the Bolt Thrower (level 6, -1/52 HPs)
             Began as a Gnoll Arcane Marksman on Apr 27, 2017.
             Succumbed to a worker ant's poison
             ... on level 5 of the Dungeon.
             The game lasted 00:13:50 (4148 turns).

MrRokkomies the Bolt Thrower (GnAM)                 Turns: 4148, Time: 00:13:51

Health: -1/52      AC:  7    Str: 11      XL:     6   Next: 89%
Magic:  8/8        EV: 11    Int: 14      God:
Gold:   131        SH:  0    Dex: 13 (14) Spells: 2/8 levels left

rFire    . . .     SeeInvis .   w - -2 whip (curse)
rCold    . . .     Gourm    .   (no shield)
rNeg     . . .     Faith    .   u - +0 ring mail (curse)
rPois    .         Spirit   .   q - +0 helmet
rElec    .         Reflect  .   (no cloak)
rCorr    .         Harm     .   (no gloves)
MR       .....                  r - +0 pair of boots
Stlth    +.........             m - amulet of inaccuracy (curse)
Regen    0.2/turn               (no ring)
MPRegen  0.2/turn               (no ring)

@: lethally poisoned (-1 -> -24)
A: short attention span, fangs 1, strong nose
a: no special abilities


You were on level 5 of the Dungeon.
You were not hungry.

You visited 1 branch of the dungeon, and saw 5 of its levels.

You collected 131 gold pieces.

Inventory:

Hand Weapons
 a - a +1 hand crossbow
 b - a +0 spear
 i - a cursed -2 flail
 w - a cursed -2 whip (weapon)
Missiles
 d - 11 bolts
 y - 3 throwing nets (quivered)
Armour
 q - a +0 helmet (worn)
 r - a +0 pair of boots (worn)
 u - a cursed +0 ring mail (worn)
 x - a cursed +0 leather armour
Jewellery
 m - a cursed amulet of inaccuracy (around neck)
 v - an uncursed amulet of magic regeneration
Wands
 t - a wand of random effects (21/48)
Scrolls
 e - 2 scrolls of magic mapping
 k - a scroll of recharging
 n - a scroll of enchant weapon
 p - 5 scrolls of identify
Potions
 j - a potion of heal wounds
 l - a potion of cancellation
 s - a potion of brilliance
 z - a potion of flight
Books
 c - a book of Debilitation

   Spells                             Type                      Level
   a - Corona                         Hexes                        1
   b - Slow                           Hexes                        2
   c - Inner Flame                    Hexes/Fire                   3
   d - Portal Projectile              Hexes/Translocation          3
   e - Cause Fear                     Hexes                        4
   f - Leda's Liquefaction            Hexes/Earth                  4
Comestibles
 f - 3 bread rations
 g - 3 royal jellies
 h - 2 chunks of flesh
 o - a meat ration


   Skills:
 * Level 5.9 Fighting
 - Level 7.0 Crossbows
 * Level 3.4 Dodging
 - Level 1.7 Spellcasting
 - Level 6.0 Hexes


You had 2 spell levels left.
You knew the following spells:

 Your Spells              Type           Power        Failure   Level  Hunger
a - Corona                Hex            ###....      4%          1    ##.....
b - Slow                  Hex            ###.....     8%          2    ###....
c - Portal Projectile     Hex/Tloc       #.....       45%         3    ####...


Dungeon Overview and Level Annotations

Branches:
Dungeon (5/15)
 Temple: D:4-7

Altars:
Fedhas
Gozag
Makhleb
Yredelemnul

Annotations:
D:3 Deemzul's ghost, amateur OpBe
D:4 Pikel


Innate Abilities, Weirdness & Mutations

You have a short attention span.
You have very sharp teeth.
Your uncanny sense of smell can sniff out nearby items.


Message History

The worker ant is moderately wounded.
You feel sick.
The worker ant stops glowing.
The worker ant barely misses you.
The crimson imp blinks!
The ogre hits you with a giant spiked club!!
* * * LOW HITPOINT WARNING * * *
You closely miss the worker ant.
The worker ant is moderately wounded.
* * * LOW HITPOINT WARNING * * *
You feel sick. The worker ant bites you.
* * * LOW HITPOINT WARNING * * *
The worker ant bites you.
* * * LOW HITPOINT WARNING * * *
You are more poisoned.
The worker ant poisons you! The ogre misses you.
Unknown command.
Unknown command.
You barely miss the worker ant.
You bite the worker ant, but do no damage.
The worker ant is moderately wounded.
You die...

#.# #.# #.# #.#
#.# #.##### #[#
#.....# #a# #%#
#@# #.######## #O#
#........( #.#
#..#####.. #.#
#..# ###..
#5#######5.###....
#.......O......#..
#########..#####..
∆ #.........
#..#######


You could see an ogre, a worker ant and a crimson imp.

Vanquished Creatures
  Sigmund (D:3)
  A quasit (D:5)
  A hound (D:5)
  Jessica (D:3)
  Terence (D:2)
  5 adders
  A shadow imp (D:4)
  An ooze (D:5)
  4 worms (D:2)
  3 dart slugs
  A leopard gecko (D:1)
  10 orcs
  6 giant cockroaches
  5 goblins
  5 hobgoblins
  3 jackals (D:1)
  5 kobolds
  A quokka (D:3)
  A ball python (D:5)
  6 bats
  2 frilled lizards (D:1)
  7 rats
71 creatures vanquished.

Notes
Turn   | Place    | Note
-------+----------+-------------------------------------------
     0 | D:1      | MrRokkomies the Gnoll Arcane Marksman began the quest for the Orb.
     0 | D:1      | Reached XP level 1. HP: 15/15 MP: 3/3
   438 | D:1      | Reached XP level 2. HP: 21/21 MP: 2/4
   515 | D:1      | Reached skill level 5 in Hexes
   627 | D:1      | Reached skill level 4 in Crossbows
   627 | D:1      | Reached XP level 3. HP: 22/26 MP: 3/5
  1349 | D:2      | Found an opulent altar of Gozag.
  1802 | D:2      | Found a blossoming altar of Fedhas.
  1917 | D:2      | Reached XP level 4. HP: 32/32 MP: 4/6
  1964 | D:2      | Learned a level 2 spell: Slow
  1968 | D:2      | Learned a level 3 spell: Portal Projectile
  2017 | D:2      | Noticed Terence
  2024 | D:2      | Killed Terence
  2024 | D:2      | Reached skill level 5 in Crossbows
  2325 | D:3      | Reached XP level 5. HP: 34/41 MP: 7/7
  2450 | D:3      | Noticed Jessica
  2466 | D:3      | Killed Jessica
  2555 | D:3      | Noticed Sigmund
  2561 | D:3      | Killed Sigmund
  2561 | D:3      | Reached skill level 5 in Fighting
  2561 | D:3      | Reached skill level 6 in Crossbows
  2561 | D:3      | Reached XP level 6. HP: 51/51 MP: 6/8
  2914 | D:3      | Noticed Deemzul's ghost (amateur OpBe)
  3248 | D:5      | Entered Level 5 of the Dungeon
  3585 | D:5      | Reached skill level 7 in Crossbows
  3849 | D:5      | Found a basalt altar of Yredelemnul.
  3923 | D:4      | Found a burning altar of Makhleb.
  4050 | D:4      | Noticed a slave
  4050 | D:4      | Noticed a slave
  4051 | D:4      | Noticed Pikel
  4147 | D:5      | HP: 1/52 [worker ant (4)]
  4148 | D:5      | Succumbed to a worker ant's poison

Vault maps used:
D:1:      minmay_arrival_glassed_features
D:2:      lemuel_crystal_altar, nicolae_overflow_crystal_walls, first_bread,
          uniq_terence
D:3:      uniq_sigmund, uniq_jessica
D:4:      marbit_many_paths, minmay_misc_feat_columns, uniq_pikel
D:5:      tso_metal_star, minmay_temple_entry_enclosed_plants,
          yredelemnul_altar_generic, uniq_ijyb

Skill      XL: |  1  2  3  4  5  6 |
---------------+-------------------+-----
Hexes          | 5 6 |  6.0
Crossbows      | 4 5 6 7 |  7.0
Fighting       | 3 5 |  5.9
Dodging        | |  3.4
Spellcasting   | |  1.7

Action                   |  1- 3 |  4- 6 || total
-------------------------+-------+-------++-------
Melee: Unarmed           |    39 |       ||    39
       Bite              |    14 |    18 ||    32
       Dagger            |   114 |       ||   114
       Spear             |     5 |   196 ||   201
       Whip              |       |     9 ||     9
 Fire: Hand crossbow     |    44 |    33 ||    77
 Cast: Corona            |    14 |    22 ||    36
       Slow              |       |     6 ||     6
  Use: Scroll            |     2 |    11 ||    13
       Potion            |       |     2 ||     2
  Eat: Chunk             |     4 |     4 ||     8
       Meat ration       |       |     1 ||     1
Armor: Robe              |    10 |       ||    10
       Ring mail         |    63 |   120 ||   183
Dodge: Dodged            |   112 |   117 ||   229
